 Dungeon Crawl Stone Soup version 0.29.1-15-g9cfb28693d (webtiles) character file.

Game seed: 13704060290678141867

1717 croobank the Trooper (level 9, -5/73 HPs)
             Began as a Gnoll Abyssal Knight on Mar 25, 2023.
             Was a Priest of Lugonu.
             Killed from afar by an electric eel (10 damage)
             ... with a bolt of electricity
             ... on level 6 of the Dungeon.
             The game lasted 00:19:26 (7569 turns).

croobank the Trooper (Gnoll Abyssal Knight)         Turns: 7569, Time: 00:19:27

Health: -5/73      AC:  7    Str: 12      XL:     9   Next: 4%
Magic:  7/15       EV:  7    Int: 19 (20) God:    Lugonu [***...]
Gold:   58         SH:  0    Dex: 13      Spells: 4/16 levels left

rFire   . . .      SeeInvis .   a - +3 hand axe (spect)
rCold   . . .      Faith    .   (no shield)
rNeg    . . .      Spirit   .   o - +1 leather armour {rPois}
rPois   +          Reflect  .   t - +0 helmet
rElec   .          Harm     .   y - +0 cloak {Stlth+}
rCorr   .          Rampage  .   (no gloves)
Will    .....                   (no boots)
Stlth   +++.......              (no amulet)
HPRegen 0.22/turn               h - +6 ring of intelligence
MPRegen 0.14/turn               w - ring of wizardry

@: held, studying Translocations
A: fangs 1, strong nose, distributed training
a: Renounce Religion, Depart the Abyss, Bend Space, Banish


You were on level 6 of the Dungeon.
You worshipped Lugonu.
Lugonu was most pleased with you.
You visited 1 branch of the dungeon, and saw 6 of its levels.
You visited the Abyss 1 time.

You collected 278 gold pieces.
You spent 220 gold pieces at shops.

Inventory:

Hand Weapons
 a - a +3 spectral hand axe (weapon)
 c - a +0 dagger of venom
 n - a +0 dagger of flaming
Missiles
 l - a boomerang
 q - a throwing net
 u - 2 curare-tipped darts
Armour
 f - a +0 ring mail
 g - a +2 robe of cold resistance
 o - a +1 leather armour of poison resistance (worn)
 t - a +0 helmet (worn)
 y - a +0 cloak of stealth (worn)
Jewellery
 h - a +6 ring of intelligence (left hand)
 r - a +6 ring of strength
 w - a ring of wizardry (right hand)
Wands
 e - a wand of digging (5)
 k - a wand of flame (18)
Scrolls
 i - a scroll of noise
 p - a scroll of teleportation
Potions
 b - 3 potions of berserk rage
 d - a potion of heal wounds {unknown}
 j - a potion of cancellation {unknown}
 m - a potion of haste
 s - 2 potions of flight


   Skills:
 + Level 7.7 Fighting
 + Level 4.0 Short Blades
 + Level 4.0 Long Blades
 + Level 6.1 Axes
 + Level 4.0 Maces & Flails
 + Level 4.0 Polearms
 + Level 4.0 Staves
 + Level 4.0 Ranged Weapons
 + Level 4.0 Throwing
 + Level 6.1 Armour
 + Level 4.8 Dodging
 + Level 4.0 Stealth
 + Level 4.0 Shields
 + Level 4.0 Unarmed Combat
 + Level 4.0 Spellcasting
 + Level 3.2 Conjurations
 + Level 3.2 Hexes
 + Level 3.2 Summonings
 + Level 3.2 Necromancy
 + Level 4.6 Translocations
 + Level 3.2 Transmutations
 + Level 3.2 Fire Magic
 + Level 3.2 Ice Magic
 + Level 3.2 Air Magic
 + Level 3.2 Earth Magic
 + Level 3.2 Poison Magic
 + Level 6.4 Invocations
 + Level 4.0 Evocations


You had 4 spell levels left.
You knew the following spells:

 Your Spells              Type           Power      Damage    Failure   Level
a - Mephitic Cloud        Conj/Pois/Air  16%        N/A       5%          3
b - Static Discharge      Conj/Air       16%        3-5/arc   2%          2
c - Frozen Ramparts       Ice            32%        1d5       5%          3
d - Hailstorm             Conj/Ice       16%        3d6       17%         4

Your spell library contained the following spells:

 Spells                   Type           Power      Damage    Failure   Level
 Freeze                   Ice            64%        1d8       1%          1
 Magic Dart               Conj           64%        1d6       1%          1
 Call Imp                 Summ           16%        N/A       2%          2
 Lightning Bolt           Conj/Air       8%         1d20      43%         5
 Maxwell's Capacitive Co  Air            8%         ∞         100%        8


Dungeon Overview and Level Annotations

Branches:
Dungeon (6/15)
 Temple: D:4-7

Altars:
Dithmenos
Fedhas
Qazlal
Yredelemnul
The Shining One

Shops:
D:1 (   D:2 (   D:3 :

Annotations:
D:6 corrupted


Innate Abilities, Weirdness & Mutations

You have very sharp teeth.
Your uncanny sense of smell can sniff out nearby items.
Your experience applies equally to all skills.


Message History

Your spectral weapon shares its damage with you!
The bolt of electricity hits you. The dart slug launches a dart at you.
The slug dart hits you but does no damage.
Your Short Blades skill increases to level 4!
Your Long Blades skill increases to level 4!
Your Maces & Flails skill increases to level 4!
Your Polearms skill increases to level 4!
Your Staves skill increases to level 4!
Your Ranged Weapons skill increases to level 4!
Your Throwing skill increases to level 4!
Your Stealth skill increases to level 4!
Your Shields skill increases to level 4!
Your Unarmed Combat skill increases to level 4!
Your Spellcasting skill increases to level 4!
Your Evocations skill increases to level 4!
You swap places.
A dart slug and a gnoll come into view.
The electric eel is engulfed in a cloud of scalding steam.
The electric eel shoots out a bolt of lightning at you!
The bolt of electricity hits you!
The electric eel shoots out a bolt of lightning at you!
The bolt of electricity hits you!
* * * LOW HITPOINT WARNING * * *
There is a stone staircase leading up here.
The electric eel shoots out a bolt of lightning at you!
The bolt of electricity hits you!
* * * LOW HITPOINT WARNING * * *
The gnoll throws a throwing net.
The throwing net hits you.
You become entangled in the net!
You stop ascending the stairs.
Okay, then.
Activating: Corrupt (30% risk of failure)
Press: ? - help, Dir - look around, f - activate Lugonu's Hand of Corruption reaches out!
The electric eel flops around on dry land! x2
You can no longer corrupt the fabric of space.
The electric eel shoots out a bolt of lightning at you!
The bolt of electricity hits the small abomination!
The bolt of electricity hits you!
You die...

##..~~w≈≈~.##
##~...≈##≈w≈.##
#≈≈..~~..##≈..#
.#≈#...4..≈..≈.
.≈#~~3.S#..#.≈w
≈...~~....#W..≈
≈#.~~##.?...X.#
#~..)..@.<#w$~~
.~$..#..".#.#~≈
.~. .X..#x.#≈≈≈
. ≈##......S≈§w
#≈≈.#g##≈.#.~.
#g≈.h#4w~≈..≈≈.
##..g..~~~≈≈~..
...#≈≈≈~~#.#..
#.##~~.~~#....


You could see a hound, 2 electric eels, a gnoll, a dart slug, a neutral orange
demon (summoned, distracted), 2 neutral large abominations, a neutral smoke
demon (summoned, distracted), a neutral chaos spawn (summoned, distracted), a
neutral small abomination (summoned, distracted) and a neutral shadow (summoned,
distracted).

Vanquished Creatures
  Prince Ribbit (D:5)
  Grinder (D:3)
  Sigmund (D:5)
  Eustachio (D:5)
  2 ogres
  A phantom (D:4)
  An electric eel (D:6)
  A howler monkey (D:5)
  2 orc priests
  6 hounds
  2 jellies (D:5)
  Crazy Yiuf (D:2)
  Jessica (D:2)
  Ijyb (D:3)
  An iguana (D:4)
  3 orc wizards
  8 adders
  4 gnolls (D:5)
  A white imp (D:5)
  An ufetubus (D:5)
  2 worms (D:3)
  17 orcs
  7 endoplasms
  2 giant cockroaches (D:1)
  4 goblins
  6 hobgoblins
  2 jackals (D:4)
  3 quokkas
  4 ball pythons
  5 bats
  5 frilled lizards
  3 kobolds
  3 rats
103 creatures vanquished.

Vanquished Creatures (others)
  5 fungi
  5 plants (D:5)
10 creatures vanquished.

Grand Total: 113 creatures vanquished

Notes
Turn   | Place    | Note
-------+----------+-------------------------------------------
     0 | Abyss:1  | croobank the Gnoll Abyssal Knight began the quest for the
                  | Orb.
     0 | Abyss:1  | Reached XP level 1. HP: 23/23 MP: 3/3
    36 | Abyss:1  | Found an iron altar of Okawaru.
    43 | Abyss:1  | Found a corrupted altar of Lugonu.
    52 | Abyss:1  | Found a corrupted altar of Lugonu.
    58 | D:1      | Escaped the Abyss
   249 | D:1      | Found Ystuona's Weapon Shop.
   293 | D:1      | Reached XP level 2. HP: 27/29 MP: 5/5
   382 | D:1      | Found a faded altar of an unknown god.
   974 | D:2      | Noticed Jessica
   980 | D:2      | Killed Jessica
   981 | D:2      | Reached XP level 3. HP: 17/35 MP: 6/6
   983 | D:2      | Reached skill level 1 in Short Blades
   983 | D:2      | Reached skill level 1 in Long Blades
   983 | D:2      | Reached skill level 1 in Maces & Flails
   983 | D:2      | Reached skill level 1 in Polearms
   983 | D:2      | Reached skill level 1 in Staves
   983 | D:2      | Reached skill level 1 in Ranged Weapons
   983 | D:2      | Reached skill level 1 in Throwing
   983 | D:2      | Reached skill level 1 in Stealth
   983 | D:2      | Reached skill level 1 in Shields
   983 | D:2      | Reached skill level 1 in Unarmed Combat
   983 | D:2      | Reached skill level 1 in Spellcasting
   983 | D:2      | Reached skill level 1 in Evocations
  1273 | D:2      | Reached XP level 4. HP: 26/41 MP: 7/7
  1758 | D:2      | Found Eregecw's Antique Weapon Shoppe.
  1904 | D:2      | Found a runed translucent door.
  1905 | D:2      | Noticed Crazy Yiuf
  1993 | D:3      | Noticed Ijyb
  2038 | D:3      | Killed Ijyb
  2039 | D:3      | Reached skill level 1 in Conjurations
  2039 | D:3      | Reached skill level 1 in Hexes
  2039 | D:3      | Reached skill level 1 in Summonings
  2039 | D:3      | Reached skill level 1 in Necromancy
  2039 | D:3      | Reached skill level 1 in Translocations
  2039 | D:3      | Reached skill level 1 in Transmutations
  2039 | D:3      | Reached skill level 1 in Fire Magic
  2039 | D:3      | Reached skill level 1 in Ice Magic
  2039 | D:3      | Reached skill level 1 in Air Magic
  2039 | D:3      | Reached skill level 1 in Earth Magic
  2039 | D:3      | Reached skill level 1 in Poison Magic
  2307 | D:3      | Reached *** piety under Lugonu
  2585 | D:3      | Found a glowing golden altar of the Shining One.
  2589 | D:3      | Noticed an angel
  2627 | D:3      | Found a shadowy altar of Dithmenos.
  2632 | D:3      | Learned a level 3 spell: Mephitic Cloud
  2665 | D:3      | Reached XP level 5. HP: 41/47 MP: 8/8
  3445 | D:3      | Noticed Grinder
  3643 | D:3      | Found a basalt altar of Yredelemnul.
  3645 | D:3      | Noticed a profane servitor
  3785 | D:4      | Noticed an ogre
  3798 | D:4      | Reached skill level 5 in Invocations
  3896 | D:4      | Reached XP level 6. HP: 25/53 MP: 9/9
  4120 | D:4      | Reached skill level 5 in Axes
  4120 | D:4      | Reached skill level 5 in Armour
  4141 | D:5      | Entered Level 5 of the Dungeon
  4141 | D:5      | Found a stormy altar of Qazlal.
  4141 | D:5      | Found a blossoming altar of Fedhas.
  4464 | D:5      | Noticed Prince Ribbit
  4892 | D:5      | Reached **** piety under Lugonu
  4893 | D:5      | Reached skill level 7 in Fighting
  4893 | D:5      | Reached XP level 7. HP: 60/60 MP: 10/10
  5580 | D:4      | Learned a level 2 spell: Static Discharge
  5990 | D:2      | Killed Crazy Yiuf
  6101 | D:3      | Paralysed by Grinder for 2 turns
  6106 | D:3      | Killed Grinder
  6107 | D:3      | Reached XP level 8. HP: 11/67 MP: 2/12
  6383 | D:3      | Found Noihiv's Book Emporium.
  6394 | D:3      | Bought a book of Frost for 220 gold pieces
  6398 | D:3      | Learned a level 3 spell: Frozen Ramparts
  6561 | D:5      | Noticed Eustachio
  6578 | D:5      | Killed Eustachio
  6686 | D:5      | Noticed Sigmund
  6694 | D:5      | Killed Sigmund
  7001 | D:5      | Killed Prince Ribbit
  7334 | D:5      | Reached XP level 9. HP: 49/73 MP: 14/14
  7449 | D:5      | Learned a level 4 spell: Hailstorm
  7569 | D:6      | Corrupted D:6
  7569 | D:6      | Noticed an orange demon
  7569 | D:6      | Noticed a smoke demon
  7569 | D:6      | Noticed a large abomination
  7569 | D:6      | Killed from afar by an electric eel

Illustrated notes

Levels and vault maps discovered:
D:1:      dpeg_arrival_boxorama, layout_rooms, nicolae_ecumenical_lake_church,
          serial_shops, nicolae_shop_stone
D:2:      layout_basic, serial_shops, shop, kennysheep_jessica_study,
          uniq_crazy_yiuf_cottage, uniq_jessica
D:3:      layout_loops_ring, grunt_temple_overflow_holy_war,
          grunt_dithmenos_smoke_and_mirrors, serial_shops,
          nicolae_lakefront_shop, minmay_misc_feat_chi, st_stairs_5,
          minmay_liquid_box, uniq_ijyb, uniq_grinder
D:4:      layout_loops_ring
D:5:      layout_basic, grunt_temple_overflow_forces_of_nature,
          uniq_prince_ribbit1, uniq_eustachio, uniq_sigmund
D:6:      kennysheep_slugbush, layout_basic, guppyfry_early_elven_hall

Skill      XL: |  1  2  3  4  5  6  7  8  9 |
---------------+----------------------------+-----
Short Blades   | 1 2 3 4 |  4.0
Long Blades    | 1 2 3 4 |  4.0
Maces & Flails | 1 2 3 4 |  4.0
Polearms       | 1 2 3 4 |  4.0
Staves         | 1 2 3 4 |  4.0
Ranged Weapons | 1 2 3 4 |  4.0
Throwing       | 1 2 3 4 |  4.0
Stealth        | 1 2 3 4 |  4.0
Shields        | 1 2 3 4 |  4.0
Unarmed Combat | 1 2 3 4 |  4.0
Spellcasting   | 1 2 3 4 |  4.0
Evocations     | 1 2 3 4 |  4.0
Conjurations   | 1 2 3 |  3.2
Hexes          | 1 2 3 |  3.2
Summonings     | 1 2 3 |  3.2
Necromancy     | 1 2 3 |  3.2
Translocations | 1 2 3 4 |  4.6
Transmutations | 1 2 3 |  3.2
Fire Magic     | 1 2 3 |  3.2
Ice Magic      | 1 2 3 |  3.2
Air Magic      | 1 2 3 |  3.2
Earth Magic    | 1 2 3 |  3.2
Poison Magic   | 1 2 3 |  3.2
Dodging        | 3 4 |  4.8
Invocations    | 5 6 |  6.4
Axes           | 5 6 |  6.1
Armour         | 5 6 |  6.1
Fighting       | 7 |  7.7

Action                   |  1- 3 |  4- 6 |  7- 9 || total
-------------------------+-------+-------+-------++-------
Melee: Hand axe          |    71 |   176 |    82 ||   329
       Bite              |     4 |    29 |    11 ||    44
       Punch             |     1 |     4 |     2 ||     7
       Dagger            |       |    66 |    38 ||   104
 Cast: Static Discharge  |       |       |    19 ||    19
       Mephitic Cloud    |       |       |     1 ||     1
Invok: Corrupt           |       |       |     1 ||     1
Evoke: Wand              |       |       |     2 ||     2
  Use: Potion            |       |     7 |     3 ||    10
       Scroll            |       |     4 |     7 ||    11
 Stab: Sleeping          |       |     5 |     4 ||     9
       Confused          |       |       |     1 ||     1
Armor: Leather armour    |    25 |    45 |    24 ||    94
       Skin              |       |    16 |       ||    16
Dodge: Dodged            |    40 |   124 |    66 ||   230
